Map: Baie du Roi EC

Players

Sorandom

  • Race: Zerg Zerg
  • League: Diamond
  • Spawn Location: 5:00

plopoulpe - Winner!

  • Race: Terran Terran
  • League: Diamond
  • Spawn Location: 11:00

VOD

Have the link to the VOD?

Description

Time

  • Played on: April 12, 2019, 10:14 p.m.
  • Length: 5:00
Show
View Real Time Build Order
Export as new Build Order

Sorandom Zerg 

Build Orders: Pool Only, Ravager All-In 

Get SALT Encoding   

  12  0:18  Spawning Pool  
  11  0:23  Drone  
  11  0:28  Drone  
  13  0:33  Drone  
  14  0:37  Extractor  
  14  0:39  Extractor  
  12  0:45  Drone  
  13  1:02  Drone  
  14  1:08  Roach Warren  
  13  1:20  Overlord, Drone  
  14  1:32  Overlord  
  14  1:48  Roach  
  14  1:49  Roach  
  18  1:59  Roach  
  20  2:11  Ravager x2  
  22  2:16  Roach  
  22  2:20  Ravager  
  25  2:30  Roach  
  27  2:41  Roach  
  29  2:49  Ravager  
  30  2:56  Overlord  
  30  3:21  Roach x2  
  34  3:38  Roach x2  
  32  3:46  Roach  
  28  3:52  Ravager  
  28  3:55  Ravager  
  30  4:04  Ravager  
  30  4:05  Ravager  
  32  4:11  Roach  
  34  4:20  Roach  
  36  4:25  Ravager  
  37  4:39  Overlord  
Show
View Real Time Build Order
Export as new Build Order

plopoulpe Terran - Winner!

Build Orders:  

Get SALT Encoding   

  12  0:09  Supply Depot  
  12  0:14  SCV  
  14  0:32  Barracks  
  14  0:35  SCV  
  14  0:47  SCV  
  15  0:55  Supply Depot  
  15  1:00  SCV  
  16  1:12  SCV  
  17  1:19  Marine  
  17  1:23  Bunker  
  17  1:25  Orbital Command  
  18  1:30  Refinery  
  18  2:02  Command Center  
  18  2:04  Marine  
  19  2:13  SCV  
  20  2:18  Supply Depot  
  20  2:22  Marine  
  21  2:25  SCV  
  22  2:37  SCV  
  22  2:40  Marine  
  24  2:49  SCV, Factory  
  24  2:51  Refinery  
  24  2:52  Supply Depot  
  24  2:57  Marine  
  25  2:59  Bunker  
  25  3:05  SCV  
  26  3:15  Marine  
  26  3:19  SCV  
  28  3:28  SCV  
  28  3:33  Factory Tech Lab  
  29  3:34  SCV  
  30  3:50  Marine, Bunker  
  31  3:58  Supply Depot, Siege Tank  
  31  4:00  SCV  
  35  4:04  Orbital Command  
  35  4:09  Marine  
  36  4:24  SCV  
  40  4:37  Command Center  
  40  4:42  Barracks  
  40  4:43  SCV  
  41  4:54  Engineering Bay  
Tags
 
Matchup
TvZ
Opening
Pool Only
Replay Pack
Pack
Spawn Locations
Cross Positions
Add a new tag
Caveats
  • Supply blocks, unpowered buildings, or Contaminate may cause inaccurate times.
  • Supply counts are checked every 10 seconds.